 Dungeon Sprint DCSS version 0.31-a0-7-g51783674b7 (webtiles) character file.

Game seed: 6066896380521916294

970 sircluck the Cleaver (level 8, -13/81 HPs)
             Began as a Hill Orc Fighter on May 5, 2023.
             Was an Initiate of Nemelex Xobeh.
             Mangled by a rust devil (16 damage)
             ... summoned by a kobold demonologist
             ... in the Dungeon (Sprint I: "Red Sonja").
             The game lasted 00:02:01 (545 turns).

sircluck the Cleaver (Hill Orc Fighter)              Turns: 545, Time: 00:02:02

Health: -13/81     AC: -15   Str: 21      XL:     8   Next: 16%
Magic:  8/8        EV: 10    Int:  8      God:    Nemelex Xobeh [......]
Gold:   430        SH:  5    Dex:  7 (10) Spells: 7/7 levels left

rFire   . . .        a - +0 war axe
rCold   . . .        c - +0 buckler
rNeg    . . .        b - +0 scale mail
rPois   .            (no helmet)
rElec   .            (no cloak)
rCorr   .            (no gloves)
SInv    .            (no boots)
Will    .....        (no amulet)
Stlth   +            (no ring)
HPRegen 0.33/turn    (no ring)
MPRegen 0.11/turn

%: no teleportation
@: corroded
A: no striking features
a: Renounce Religion, Draw Escape, Draw Destruction, Draw Summoning


You were in the Dungeon.
You worshipped Nemelex Xobeh.
Nemelex Xobeh was noncommittal.
You visited 1 branch You collected 430 gold pieces.

Inventory:

Hand Weapons
 a - a +0 war axe (weapon)
Armour
 b - a +0 scale mail (worn)
 c - a +0 buckler (worn)
Wands
 k - a wand of paralysis (1)
Potions
 g - a potion of haste
 h - 2 potions of magic


   Skills:
 + Level 10.7 Fighting
 + Level 11.3 Axes
 + Level 10.2 Armour
 + Level 2.5 Dodging
 + Level 4.7 Stealth
 + Level 7.9 Shields
 + Level 1.1 Evocations


You had 7 spell levels left.
You didn't know any spells.
Your spell library was empty.

Dungeon Overview and Level Annotations

Branches:
Dungeon (1/1)

Altars:
Cheibriados
Dithmenos
Elyvilon
Fedhas
Gozag
Hepliaklqana
Kikubaaqudgha
Makhleb
Nemelex Xobeh
Okawaru
Qazlal
Ru
Sif Muna
Trog
Uskayaw
Vehumet
Wu Jian
Xom
Yredelemnul
Zin
The Shining One
Jiyva
Lugonu

Shops:
D *


Message History

You feel clumsy. The quasit claws you. You block the quasit's attack.
You miss the kobold demonologist. You barely miss the quasit.
The quasit bites you. The quasit claws you.
You feel clumsy. The quasit claws you.
You feel clumsy.
The rust devil rages.
The kobold demonologist gestures wildly while chanting.
You barely miss the kobold demonologist.
You hit the rust devil but do no damage.
The kobold demonologist barely misses you.
The rust devil hits you. The rust devil corrodes you!
Unknown command.
You closely miss the kobold demonologist.
You slash the rust devil! The rust devil hits you!
* * * LOW HITPOINT WARNING * * *
The rust devil corrodes you!
You block the kobold demonologist's attack.
You miss the kobold demonologist. You slash the rust devil!
You hit the shadow imp but do no damage.
The rust devil closely misses you. The shadow imp hits you.
* * * LOW HITPOINT WARNING * * *
The kobold demonologist gestures wildly while chanting.
The rust devil hits you!
* * * LOW HITPOINT WARNING * * *
The rust devil corrodes you!
You feel better.
The quasit disappears in a puff of smoke!
The rust devil hits you!
* * * LOW HITPOINT WARNING * * *
The rust devil corrodes you! You block the shadow imp's attack.
You block the kobold demonologist's attack.
You slash the kobold demonologist!
The kobold demonologist is moderately wounded.
You hit the shadow imp.
You hit the rust devil but do no damage.
The rust devil hits you!
You die...
Your body disappears without a glow.

##################
.#..'..#__#..'55.#
.').#..'..'..#)45#
'#####'#__####4K@+
.#...#.#### #####
##..##.# _##'#_.+
..'..._# _##_.#'#
_###+#.# ## ###


You could see 2 rust devils, a kobold demonologist, a quasit (summoned), a white
imp (summoned) and a shadow imp (summoned).

Vanquished Creatures
  A kobold demonologist (D)
  A slime creature (D)
  Sigmund (D)
  A yak (D)
  A floating eye (D)
  An ogre (D)
  A jelly (D)
  Ijyb (D)
8 creatures vanquished.

Notes
Turn   | Place    | Note
-------+----------+-------------------------------------------
     0 | D        | sircluck the Hill Orc Fighter began the quest for the Orb.
     0 | D        | Reached XP level 1. HP: 19/19 MP: 1/1
     1 | D        | Noticed Ijyb
     6 | D        | Paralysed by Ijyb for 3 turns
    17 | D        | Killed Ijyb
    18 | D        | Reached skill level 5 in Fighting
    18 | D        | Reached skill level 3 in Axes
    18 | D        | Reached XP level 2. HP: 20/29 MP: 2/2
    18 | D        | Reached XP level 3. HP: 25/36 MP: 3/3
    62 | D        | Noticed an ogre
    67 | D        | Killed an ogre
    68 | D        | Reached skill level 5 in Axes
    68 | D        | Reached skill level 1 in Stealth
    68 | D        | Reached skill level 5 in Shields
    68 | D        | Reached XP level 4. HP: 45/45 MP: 4/4
    78 | D        | Noticed Sigmund
   106 | D        | Killed Sigmund
   107 | D        | Reached skill level 7 in Axes
   107 | D        | Reached skill level 1 in Dodging
   107 | D        | Reached XP level 5. HP: 14/55 MP: 5/5
   107 | D        | Reached XP level 6. HP: 16/62 MP: 6/6
   282 | D        | Found an ornate altar of the Wu Jian Council.
   282 | D        | Found a shimmering blue altar of Sif Muna.
   284 | D        | Found a radiant altar of Vehumet.
   330 | D        | Found Monueg's Assorted Antiques.
   330 | D        | Found an ancient bone altar of Kikubaaqudgha.
   330 | D        | Found a hazy altar of Hepliaklqana.
   330 | D        | Found a stormy altar of Qazlal.
   330 | D        | Found a hide-covered altar of Uskayaw.
   330 | D        | Found a blossoming altar of Fedhas.
   330 | D        | Found a bloodstained altar of Trog.
   330 | D        | Found an iron altar of Okawaru.
   330 | D        | Found a basalt altar of Yredelemnul.
   330 | D        | Found a glowing golden altar of the Shining One.
   330 | D        | Found a snail-covered altar of Cheibriados.
   330 | D        | Found a sacrificial altar of Ru.
   330 | D        | Found a glowing silver altar of Zin.
   330 | D        | Found a shadowy altar of Dithmenos.
   330 | D        | Found a white marble altar of Elyvilon.
   330 | D        | Noticed a yak
   341 | D        | Killed a yak
   342 | D        | Reached skill level 8 in Axes
   342 | D        | Reached XP level 7. HP: 33/70 MP: 7/7
   342 | D        | Found an opulent altar of Gozag.
   343 | D        | Found a sparkling altar of Nemelex Xobeh.
   460 | D        | Became a worshipper of Nemelex Xobeh the Trickster
   471 | D        | Found a burning altar of Makhleb.
   471 | D        | Found a viscous altar of Jiyva.
   471 | D        | Found a shimmering altar of Xom.
   471 | D        | Found a corrupted altar of Lugonu.
   471 | D        | Noticed a slime creature
   478 | D        | Killed a slime creature
   479 | D        | Reached skill level 9 in Axes
   522 | D        | Noticed a kobold demonologist
   522 | D        | Noticed a kobold demonologist
   525 | D        | Noticed a chaos spawn
   527 | D        | Reached skill level 10 in Fighting
   527 | D        | Reached skill level 10 in Axes
   527 | D        | Reached skill level 1 in Evocations
   528 | D        | Noticed a rust devil
   530 | D        | Noticed a soul eater
   530 | D        | Noticed a rust devil
   535 | D        | Killed a kobold demonologist
   536 | D        | Reached skill level 11 in Axes
   536 | D        | Reached skill level 10 in Armour
   536 | D        | Reached XP level 8. HP: 34/81 MP: 8/8
   544 | D        | HP: 3/81 [rust devil[a kobold demonologist] (16)]
   545 | D        | Mangled by a rust devil

Illustrated notes

Levels and vault maps discovered:
D:        dungeon_sprint_1 [red_sonja_temple_1, red_sonja_temple_small_1]

Skill      XL: |  1  2  3  4  5  6  7 |
---------------+----------------------+-----
Fighting       | 5 6 8 9 10 | 10.7
Axes           | 3 5 7 8 11 | 11.3
Armour         | 4 6 7 8 10 | 10.2
Shields        | 4 5 6 7 |  7.9
Stealth        | 1 3 4 |  4.7
Dodging        | 1 2 |  2.5
Evocations     | 1 |  1.1

Action                     |  1- 3 |  4- 6 |  7- 9 || total
---------------------------+-------+-------+-------++-------
  Melee: War axe           |    16 |    32 |    23 ||    71
  Evoke: Wand              |     1 |     1 |       ||     2
    Use: Potion            |       |     2 |     3 ||     5
         Scroll            |       |       |     1 ||     1
   Stab: Paralysed         |     3 |       |       ||     3
 Armour: Scale mail        |     6 |     7 |    16 ||    29
  Dodge: Dodged            |     7 |     8 |    11 ||    26
  Block: Buckler           |       |     2 |    11 ||    13

Table legend: (Time is in decaauts)
 A = Elapsed time spent in this place.
 B = Non-inter-level travel time spent in this place.
 C = Inter-level travel time spent in this place.
 D = Time resting spent in this place.
 E = Time spent auto-exploring this place.
 F = Levels seen in this place.
 G = Mean time per level.
                   A        B        C        D        E       F      G
               +--------+--------+--------+--------+--------+-----+--------+
         Total |    567 |    557 |     10 |    345 |     25 |   1 |  567.0 |
       Dungeon |    567 |    557 |     10 |    345 |     25 |   1 |  567.0 |
               +--------+--------+--------+--------+--------+-----+--------+

Top non-repeatable levels by time:
       D: 567 daAuts
